 Dungeon Crawl Stone Soup version 0.29.1 (webtiles) character file.

Game seed: 16909314430042878389

96 greasedhog the Trooper (level 4, 0/38 HPs)
             Began as a Formicid Fighter on Sept 14, 2022.
             Was a Priest of Lugonu.
             Slain by an orc
             ... wielding a +0 morningstar
              (6 damage)
             ... on level 3 of the Dungeon.
             The game lasted 00:01:43 (2365 turns).

greasedhog the Trooper (Formicid Fighter)           Turns: 2365, Time: 00:01:44

Health: 0/38       AC:  8    Str: 22    XL:     4   Next: 98%
Magic:  4/4        EV:  9    Int:  8    God:    Lugonu [***...]
Gold:   182        SH:  5    Dex: 13    Spells: 3/3 levels left

rFire   . . .      SeeInvis +   a - +0 war axe
rCold   . . .      Faith    .   c - +0 buckler
rNeg    . . .      Spirit   .   b - +0 scale mail
rPois   .          Reflect  .   (helmet unavailable)
rElec   .          Harm     .   e - +0 cloak
rCorr   .          Rampage  .   (no gloves)
Will    .....                   (no boots)
Stlth   ..........              (no amulet)
HPRegen 0.12/turn               (no ring)
MPRegen 0.09/turn               (no ring)

@: no status effects
A: permanent stasis, dig shafts and tunnels, antennae 3, four strong arms
a: Dig, Shaft Self, Renounce Religion, Depart the Abyss, Bend Space, Banish


You were on level 3 of the Dungeon.
You worshipped Lugonu.
Lugonu was most pleased with you.
You visited 1 branch of the dungeon, and saw 3 of its levels.

You collected 182 gold pieces.

Inventory:

Hand Weapons
 a - a +0 war axe (weapon)
Armour
 b - a +0 scale mail (worn)
 c - a +0 buckler (worn)
 e - a +0 cloak (worn)
Scrolls
 f - 3 scrolls of poison
 h - a scroll of teleportation {unknown}
 k - 3 scrolls of torment {unknown}
Potions
 d - 3 potions of might
 g - a potion of brilliance {unknown}
 i - a potion of mutation {unknown}
 j - a potion of haste {unknown}


   Skills:
 * Level 4.7 Fighting
 * Level 3.6 Axes
 - Level 3.2 Armour
 - Level 4.0 Shields


You had 3 spell levels left.
You didn't know any spells.
Your spell library contained the following spells:

 Spells                   Type           Power      Damage    Failure   Level
 Shock                    Conj/Air       0%         1d3       80%         1
 Static Discharge         Conj/Air       0%         3-3/arc   91%         2
 Airstrike                Air            0%         2d(0-16)  100%        4
 Dispel Undead            Necr           0%         3d6       100%        4
 Sticky Flame             Conj/Fire      0%         2d3       100%        4
 Swiftness                Air            Unusable   N/A       N/A         3

Dungeon Overview and Level Annotations

Branches:
Dungeon (3/15)

Altars:
Makhleb
Lugonu


Innate Abilities, Weirdness & Mutations

You cannot be hasted, slowed, berserked, paralysed or teleported.
You can dig through walls and to a lower floor.
You have a pair of large antennae on your head. (SInv)
Your four strong arms can wield two-handed weapons with a shield.


Message History

You are too injured to fight recklessly!
You are too injured to fight recklessly!
You are too injured to fight recklessly!
You are too injured to fight recklessly!
You are too injured to fight recklessly!
You are too injured to fight recklessly!
You are too injured to fight recklessly!
You are too injured to fight recklessly!
You are too injured to fight recklessly!
You are too injured to fight recklessly!
You are too injured to fight recklessly!
You are too injured to fight recklessly!
You are too injured to fight recklessly!
You are too injured to fight recklessly!
You are too injured to fight recklessly!
You are too injured to fight recklessly!
You are too injured to fight recklessly!
The orc hits you with a +0 morningstar.
You hit the orc.
The orc is heavily wounded.
The orc hits you with a +0 whip.
You barely miss the orc.
The orc is heavily wounded.
The orc hits you with a +0 whip.
* * * LOW HITPOINT WARNING * * *
You barely miss the orc.
The orc is heavily wounded.
You block the orc's attack.
You closely miss the orc.
The orc is moderately wounded.
The orc hits you with a +0 morningstar.
* * * LOW HITPOINT WARNING * * *
You hit the orc.
The orc is severely wounded.
The orc hits you with a +0 morningstar.
* * * LOW HITPOINT WARNING * * *
You barely miss the orc.
The orc is severely wounded.
The orc hits you with a +0 morningstar.
You die...

............#########.#
....###...### #.# ##
#.....# #.# ##...## #.#
##.## #.# #.# ##.# #.#
#####..## #+# #.......#
#@###[_.# ##o###...#
#.oo.##### #.#....#
.........# ...#.##...##
...### ..## ..# #.# .#
.#


You could see 3 orcs.

Vanquished Creatures
  A hound (D:3)
  An adder (D:2)
  A worm (D:2)
  4 ball pythons
  6 bats
  4 endoplasms
  A giant cockroach (D:2)
  3 hobgoblins (D:1)
  3 jackals (D:1)
  2 kobolds (D:1)
  4 quokkas
  2 frilled lizards
  9 goblins
  8 rats
49 creatures vanquished.

Notes
Turn   | Place    | Note
-------+----------+-------------------------------------------
     0 | D:1      | greasedhog the Formicid Fighter began the quest for the
                  | Orb.
     0 | D:1      | Reached XP level 1. HP: 18/18 MP: 1/1
   172 | D:1      | Found a faded altar of an unknown god.
   190 | D:1      | Reached XP level 2. HP: 23/24 MP: 2/2
   197 | D:1      | Prayed at the altar of an unknown god.
   197 | D:1      | Became a worshipper of Lugonu the Unformed
   197 | D:1      | Reached * piety under Lugonu
   197 | D:1      | Reached ** piety under Lugonu
   551 | D:1      | Reached XP level 3. HP: 30/30 MP: 3/3
   913 | D:2      | Reached *** piety under Lugonu
  1476 | D:2      | Reached XP level 4. HP: 37/37 MP: 4/4
  2339 | D:3      | Found a burning altar of Makhleb.
  2365 | D:3      | Slain by an orc

Illustrated notes

Levels and vault maps discovered:
D:1:      lemuel_arrival_tunnels, layout_loops_ring,
          shapermc_ecumenical_altar_mp_highgroup, minmay_misc_feat_room
D:2:      layout_basic, kennysheep_generic_room_2
D:3:      layout_loops_corners, evilmike_ruin_ashenzari, bloody_makhleb,
          serial_shops, nicolae_shop_stone

Skill      XL: |  1  2  3 |
---------------+----------+-----
Fighting       | 4 |  4.7
Axes           | 3 |  3.6
Armour         | |  3.2
Shields        | |  4.0

Action                   |  1- 3 |  4- 6 || total
-------------------------+-------+-------++-------
Melee: War axe           |   128 |    34 ||   162
  Use: Scroll            |     2 |     1 ||     3
Armor: Scale mail        |    60 |    18 ||    78
Dodge: Dodged            |    65 |    17 ||    82
Block: Buckler           |    35 |     8 ||    43
